 Dungeon Crawl Stone Soup version 0.27-a0-808-g60bc5d92e6 (webtiles) character file.

Game seed: 684982070215457991

530 jestyr24 the Slasher (level 7, -12/62 HPs)
             Began as a Minotaur Fighter on Mar 29, 2021.
             Was an Initiate of Gozag.
             Mangled by an ogre
             ... wielding a +0 giant club
              (17 damage)
             ... on level 6 of the Dungeon.
             The game lasted 00:11:35 (4670 turns).

jestyr24 the Slasher (Minotaur Fighter)             Turns: 4670, Time: 00:11:36

Health: -12/62     AC:  9    Str: 23    XL:     7   Next: 3%
Magic:  6/6        EV:  8    Int:  5    God:    Gozag
Gold:   206        SH:  5    Dex:  9    Spells: 6/6 levels left

rFire    . . .     SeeInvis .   g - +0 great sword
rCold    . . .     Faith    .   (shield currently unavailable)
rNeg     . . .     Spirit   .   v - +0 chain mail
rPois    .         Reflect  +   (helmet restricted)
rElec    .         Harm     .   (no cloak)
rCorr    .         Rampage  .   (no gloves)
Will     .....                  (no boots)
Stlth    ..........             f - amulet of reflection
HPRegen  0.20/turn              (no ring)
MPRegen  0.10/turn              (no ring)

@: no status effects
A: horns 2, retaliatory headbutt
a: Renounce Religion, Potion Petition, Call Merchant, Bribe Branch


You were on level 6 of the Dungeon.
You worshipped Gozag.
Gozag was aware of your devotion.
You visited 1 branch of the dungeon, and saw 6 of its levels.

You collected 270 gold pieces.
You paid 64 gold pieces to Gozag.

Inventory:

Hand Weapons
 a - a +0 long sword
 g - a +0 great sword (weapon)
 s - a +1 dagger of speed
Missiles
 l - 5 boomerangs (quivered)
 q - 8 poisoned darts
Armour
 b - a +0 scale mail
 c - a +0 kite shield
 v - a +0 chain mail (worn)
Jewellery
 f - an amulet of reflection (around neck)
Wands
 r - a wand of mindburst (15)
 y - a wand of random effects (19)
Scrolls
 e - 2 scrolls of amnesia {unknown}
 h - 2 scrolls of vulnerability {unknown}
 i - 3 scrolls of noise {unknown}
 j - a scroll of teleportation {unknown}
 m - a scroll of magic mapping {unknown}
 n - a scroll of immolation {unknown}
 o - a scroll of identify {unknown}
 u - a scroll of enchant weapon {unknown}
 w - a scroll of fear {unknown}
Potions
 d - a potion of might
 k - a potion of curing {unknown}
 p - a potion of lignification {unknown}
 t - a potion of brilliance {unknown}
 x - a potion of haste


   Skills:
 * Level 5.8 Fighting
 + Level 7.0 Long Blades
 * Level 2.3 Throwing
 - Level 4.0 Armour
 - Level 3.8 Shields


You had 6 spell levels left.
You didn't know any spells.
Your spell library contained the following spells:

 Spells                   Type           Power      Damage    Failure   Level
 Summon Small Mammal      Summ           0%         N/A       99%         1
 Call Canine Familiar     Summ           0%         N/A       100%        3
 Hailstorm                Conj/Ice       0%         3d3       100%        4
 Metabolic Englaciation   Hex/Ice        0%         N/A       100%        5
 Spellforged Servitor     Conj/Summ      0%         N/A       100%        7


Dungeon Overview and Level Annotations

Branches:
Dungeon (6/15)
 Temple: D:4-7

Altars:
Gozag
Qazlal
Zin


Innate Abilities, Weirdness & Mutations

You have a pair of horns on your head.
You reflexively headbutt those who attack you in melee.


Message History

You see here a +0 buckler.
Done exploring.
Done exploring.
You see here a +0 buckler.
There is an open door, spattered with blood here.
There is a stone staircase leading down here.
You climb downwards.
There is a stone staircase leading up here.
Found a stone staircase leading up.
Found a droning book.
You pick up the Compendium of the Fifty Mystics and begin reading...
You add the spells Summon Small Mammal, Call Canine Familiar, Hailstorm, Metabolic Englaciation and Spellforged Servitor to your library.
There is a stone staircase leading up here.
An ogre comes into view. It is wielding a +0 giant club.
The ogre shouts!
You hear a shout!
Found 16 gold pieces.
Found a stone staircase leading down.
You slash the ogre!
The ogre is heavily wounded.
A centaur comes into view.
The ogre hits you with a +0 giant club!
You barely miss the ogre.
The ogre is heavily wounded.
The ogre hits you with a +0 giant club!
You closely miss the ogre.
The ogre is heavily wounded.
The ogre hits you with a +0 giant club!!
The ogre hits you with a +0 giant club!
* * * LOW HITPOINT WARNING * * *
You hit the ogre.
The ogre is severely wounded.
The centaur wields a +0 shortbow.
The centaur shoots an arrow.
The arrow hits you.
* * * LOW HITPOINT WARNING * * *
The ogre closely misses you.
You hit the ogre.
The ogre is almost dead.
The centaur shoots an arrow.
The arrow hits you but does no damage. The ogre hits you with a +0 giant club!
You die...
Your body crumbles into a pile of gold.

..........# ###
..........##...
...............
...............
...>...........
......c........
$.....O.....# #@#
###.### #.....#
..######...<.##
..............#######
######.##.##........
#...##.##########
#<####.# #..# #.#


You could see an ogre and a centaur.

Vanquished Creatures
  A sky beast (D:4)
  A phantom (D:5)
  Blork the orc (D:4)
  A scorpion (D:4)
  A hound (D:4)
  A jelly (D:4)
  An orc wizard (D:4)
  A hound skeleton (D:5)
  3 gnolls (D:5)
  A howler monkey skeleton (D:4)
  2 adders
  An ufetubus (D:4)
  An adder skeleton (D:4)
  3 worms
  2 dart slugs (D:2)
  5 orcs
  3 bats
  An endoplasm (D:1)
  2 giant cockroaches
  6 goblins
  4 hobgoblins
  7 jackals
  5 quokkas
  3 ball pythons
  3 frilled lizards (D:1)
  3 kobolds
  4 rats
67 creatures vanquished.

Notes
Turn   | Place    | Note
-------+----------+-------------------------------------------
     0 | D:1      | jestyr24 the Minotaur Fighter began the quest for the Orb.
     0 | D:1      | Reached XP level 1. HP: 19/19 MP: 0/0
   266 | D:1      | Reached XP level 2. HP: 27/27 MP: 1/1
   781 | D:1      | Reached skill level 3 in Long Blades
  1233 | D:2      | Found a stormy altar of Qazlal.
  1256 | D:2      | Reached XP level 3. HP: 28/33 MP: 2/2
  2247 | D:3      | Reached skill level 4 in Long Blades
  2531 | D:4      | Noticed a sky beast
  2545 | D:4      | Killed a sky beast
  2546 | D:4      | Reached skill level 5 in Long Blades
  2546 | D:4      | Reached skill level 1 in Throwing
  2546 | D:4      | Reached XP level 4. HP: 20/41 MP: 3/3
  2546 | D:4      | Reached XP level 5. HP: 24/47 MP: 4/4
  2758 | D:4      | Reached skill level 5 in Fighting
  2831 | D:4      | Noticed Blork the orc
  2837 | D:4      | Killed Blork the orc
  2838 | D:4      | Reached XP level 6. HP: 32/56 MP: 5/5
  3169 | D:4      | Reached skill level 6 in Long Blades
  3558 | D:5      | Entered Level 5 of the Dungeon
  3641 | D:5      | Found an opulent altar of Gozag.
  3641 | D:5      | Found a glowing silver altar of Zin.
  3655 | D:5      | Became a worshipper of Gozag Ym Sagoz the Greedy
  4177 | D:5      | Reached skill level 7 in Long Blades
  4177 | D:5      | Reached XP level 7. HP: 39/62 MP: 6/6
  4652 | D:6      | Identified the Compendium of the Fifty Mystics
  4670 | D:6      | Mangled by an ogre

Illustrated notes

Levels and vault maps discovered:
D:1:      dpeg_arrival_lava_temple_mockup, layout_loops_corners,
          serial_co_window_serial, co_window_paths_a, co_window_paths_a,
          co_window_paths_a, co_window_paths_a, co_window_of_opportunity_a,
          co_window_paths_b, co_window_2corner, co_window_corner_b,
          co_window_corner_b, co_window_corner_ca, co_window_broadway_a,
          co_window_broadway_b, glass_columns_c, glass_columns_c,
          glass_columns_b, glass_columns_a, glass_columns_a
D:2:      layout_basic, chequers_serial_rivers_room_a,
          hangedman_abyss_or_decor_lesser_grid, minivault_25,
          grunt_qazlal_sundering
D:3:      layout_loops_cross
D:4:      layout_rooms, uniq_blork_the_orc
D:5:      layout_basic, grunt_temple_overflow_gold_and_silver
D:6:      layout_rooms, lemuel_crystal_altar, nicolae_overflow_quartered_altars,
          minmay_temple_entry_statues_pillars

Skill      XL: |  1  2  3  4  5  6 |
---------------+-------------------+-----
Armour         | 4 |  4.0
Fighting       | 4 5 |  5.8
Long Blades    | 3 5 7 |  7.0
Throwing       | 1 2 |  2.3
Shields        | |  3.8

Action                   |  1- 3 |  4- 6 |  7- 9 || total
-------------------------+-------+-------+-------++-------
Melee: Long sword        |    20 |       |       ||    20
       Headbutt          |    12 |     9 |     1 ||    22
       Great sword       |    67 |    60 |     8 ||   135
Armor: Scale mail        |    62 |    17 |       ||    79
       Chain mail        |       |     8 |     4 ||    12
Dodge: Dodged            |    60 |    27 |     3 ||    90
Block: Kite shield       |    18 |       |       ||    18
       Other             |       |     8 |       ||     8
       Rpst.: Long sword |     3 |       |       ||     3
       Great sword       |    17 |     3 |       ||    20

Table legend: (Time is in decaauts)
 A = Elapsed time spent in this place.
 B = Non-inter-level travel time spent in this place.
 C = Inter-level travel time spent in this place.
 D = Time resting spent in this place.
 E = Time spent auto-exploring this place.
 F = Levels seen in this place.
 G = Mean time per level.
                   A        B        C        D        E       F      G
               +--------+--------+--------+--------+--------+-----+--------+
         Total |   4739 |   4639 |    100 |    273 |   3512 |   6 |  789.8 |
       Dungeon |   4739 |   4639 |    100 |    273 |   3512 |   6 |  789.8 |
               +--------+--------+--------+--------+--------+-----+--------+

Top non-repeatable levels by time:
     D:1: 1115 daAuts
     D:5: 1095 daAuts
     D:4: 1048 daAuts
     D:2: 886 daAuts
     D:3: 569 daAuts
     D:6: 25 daAuts
